 Dungeon Crawl Stone Soup version 0.28-a0-664-gc179e30c89 (webtiles) character file.

Game seed: 3002455734523324184

102 SkeletonJelly the Slasher (level 4, 0/40 HPs)
             Began as a Draconian Chaos Knight on Oct 15, 2021.
             Was a Plaything of Xom.
             Slain by a sixfirhy (12 damage)
             ... summoned by Xom
             ... on level 2 of the Dungeon.
             The game lasted 00:02:58 (1660 turns).

SkeletonJelly the Slasher (Draconian Chaos Knight)  Turns: 1660, Time: 00:02:58

Health: 0/40       AC:  5    Str: 15    XL:     4   Next: 49%
Magic:  4/4        EV: 12    Int: 12    God:    Xom [......]
Gold:   74         SH:  0    Dex: 11    Spells: 3/3 levels left

rFire   . . .      SeeInvis .   a - +0 falchion (chaos)
rCold   . . .      Faith    .   (no shield)
rNeg    . . .      Spirit   .   (armour unavailable)
rPois   .          Reflect  .   (helmet restricted)
rElec   .          Harm     .   (no cloak)
rCorr   .          Rampage  .   (no gloves)
Will    .....                   (no boots)
Stlth   +.........              (no amulet)
HPRegen 0.13/turn               (no ring)
MPRegen 0.09/turn               (no ring)

@: no status effects
A: AC +5, unfitting armour, cold-blooded
a: Renounce Religion


You were on level 2 of the Dungeon.
You worshipped Xom.
You were a very special plaything of Xom.
You visited 1 branch of the dungeon, and saw 2 of its levels.

You collected 74 gold pieces.

Inventory:

Hand Weapons
 a - a +0 falchion of chaos (weapon)
Scrolls
 d - a scroll of fear
Potions
 b - a potion of degeneration {unknown}


   Skills:
 + Level 4.1 Fighting
 * Level 4.3 Long Blades
 + Level 2.9 Dodging


You had 3 spell levels left.
You didn't know any spells.
Your spell library contained the following spells:

 Spells                   Type           Power      Damage    Failure   Level
 Sublimation of Blood     Necr           0%         N/A       45%         2
 Petrify                  Tmut/Erth      0%         N/A       97%         4
 Irradiate                Conj/Tmut      0%         3d13      100%        5


Dungeon Overview and Level Annotations

Branches:
Dungeon (2/15)

Altars:

Annotations:
D:2 Robin


Innate Abilities, Weirdness & Mutations

Your plain brown scales are hard. (AC +5)
You cannot fit into any form of body armour.
You are cold-blooded and may be slowed by cold attacks.


Message History

The adder hisses angrily.
The adder bites you but does no damage.
You hit the adder. Lightning courses through the adder!
You kill the adder!
No target in view!
No target in view!
No target in view!
No target in view!
No target in view!
Key pressed, stopping explore.
You are now a very special plaything of Xom.
A water moccasin skeleton is nearby!
A water moccasin skeleton is nearby!
A water moccasin skeleton is nearby!
The water moccasin skeleton bites you but does no damage.
You slash the water moccasin skeleton!
The water moccasin skeleton is heavily damaged.
The water moccasin skeleton bites you.
You take 3 damage, and have 30/33 hp.
You barely miss the water moccasin skeleton.
The water moccasin skeleton is heavily damaged.
The water moccasin skeleton bites you.
You take 2 damage, and have 28/33 hp.
You hit the water moccasin skeleton.
The water moccasin skeleton is heavily damaged.
The water moccasin skeleton completely misses you.
The water moccasin skeleton barely misses you.
You completely miss the water moccasin skeleton.
The water moccasin skeleton is heavily damaged.
The water moccasin skeleton bites you.
You take 2 damage, and have 26/33 hp.
You hit the water moccasin skeleton. You burn the water moccasin skeleton.
The water moccasin skeleton is severely damaged.
The water moccasin skeleton closely misses you.
You slash the water moccasin skeleton!
The water moccasin skeleton seems to speed up.
Your tail-slap misses the water moccasin skeleton.
The water moccasin skeleton is almost destroyed.
The water moccasin skeleton bites you.
The water moccasin skeleton bites you but does no damage.
You take 2 damage, and have 24/33 hp.
You closely miss the water moccasin skeleton.
The water moccasin skeleton is almost destroyed.
The water moccasin skeleton bites you.
The water moccasin skeleton bites you but does no damage.
You take 2 damage, and have 22/33 hp.
You hit the water moccasin skeleton.
You destroy the water moccasin skeleton!
Your Fighting skill increases to level 4!
Your Long Blades skill increases to level 4!
You have reached level 4!
You feel agile.
You regained 5 hp, and now have 27/40 hp.
MP restored: 4 A goblin is nearby!
A goblin is nearby!
You regained 4 hp, and now have 31/40 hp.
A goblin is nearby!
A goblin is nearby!
A goblin is nearby!
The goblin shouts! x2
The goblin hits you but does no damage.
You closely miss the goblin.
Your tail-slap misses the goblin.
The goblin hits you with a +0 dagger.
You take 3 damage, and have 29/40 hp.
You closely miss the goblin.
The goblin hits you but does no damage. x3
You hit the goblin.
You feel better.
You kill the goblin!
The goblin hits you but does no damage. x2
You regained 4 hp, and now have 33/40 hp.
You hit the goblin. You burn the goblin.
The goblin is heavily wounded.
The goblin hits you but does no damage. The goblin barely misses you.
The goblin closely misses you.
You slash the goblin!
You kill the goblin!
The goblin hits you but does no damage.
You hit the goblin.
You kill the goblin!
No target in view!
No target in view!
No target in view!
No target in view! "Let's see if it's strong enough to survive yet."
A sixfirhy is nearby!
A sixfirhy is nearby!
A sixfirhy is nearby!
A sixfirhy is nearby!
As you read the scroll labelled LOCADI NOHUMM, it crumbles to dust.
You assume a fearsome visage.
The sixfirhy resists with almost no effort.
It was a scroll of fear.
As you read the scroll labelled AMEEFO QEQOVIY, it crumbles to dust.
The scroll dissolves into smoke.
It was a scroll of fog.
The sixfirhy misses you. The sixfirhy hits you. The sixfirhy shocks you!
The sixfirhy hits you!
* * * LOW HITPOINT WARNING * * *
The sixfirhy shocks you!
You die...
Xom yawns loudly!

#########.......#
#...............##### #######
#....[............... ......#
#.................... ......#
#............<.......
......#######....................
.............>...................
......#######..§3§...............
......#######..§@§...............
......##.......§§§...............
..........###.§..................
......###...##.#..........#.#....
##.......##...............#....#.
....####.......#..........##.#...
#....#########..#.........##...#.
##....#### ##...........####...
....#....### ####...###..#......


You could see a sixfirhy (summoned).

Vanquished Creatures
  A water moccasin skeleton (D:2)
  2 adders
  A worm (D:2)
  2 bats
  2 endoplasms (D:1)
  A giant cockroach (D:1)
  9 goblins
  4 hobgoblins
  2 quokkas
  2 ball pythons (D:1)
  4 frilled lizards
  A rat (D:1)
31 creatures vanquished.

Vanquished Creatures (collateral kills)
  A kobold (D:2)
1 creature vanquished.

Vanquished Creatures (others)
  A hobgoblin (D:2)
1 creature vanquished.

Grand Total: 33 creatures vanquished

Notes
Turn   | Place    | Note
-------+----------+-------------------------------------------
     0 | D:1      | SkeletonJelly the Draconian Chaos Knight began the quest
                  | for the Orb.
     0 | D:1      | Reached XP level 1. HP: 19/19 MP: 1/1
    58 | D:1      | XOM: silly message
   322 | D:1      | XOM: divination: detect items
   488 | D:1      | Reached XP level 2. HP: 26/26 MP: 2/2
   933 | D:2      | XOM: potion effect (brilliance)
   934 | D:2      | Noticed Robin
  1282 | D:2      | XOM: silly message
  1291 | D:2      | Reached XP level 3. HP: 33/33 MP: 3/3
  1378 | D:2      | XOM: enchant monster (good)
  1543 | D:2      | XOM: god gift: leather armour {god gift}
  1610 | D:2      | Reached XP level 4. HP: 27/40 MP: 4/4
  1658 | D:2      | XOM: summons 1 hostile demon
  1659 | D:2      | Noticed a sixfirhy
  1660 | D:2      | Slain by a sixfirhy

Illustrated notes

Levels and vault maps discovered:
D:1:      dpeg_arrival_connections, layout_loops_ring
D:2:      layout_rooms, uniq_robin

Skill      XL: |  1  2  3 |
---------------+----------+-----
Fighting       | 4 |  4.1
Long Blades    | 4 |  4.3
Dodging        | |  2.9

Action                   |  1- 3 |  4- 6 || total
-------------------------+-------+-------++-------
Melee: Falchion          |    86 |     6 ||    92
       Tailslap          |    10 |       ||    10
  Use: Potion            |     2 |       ||     2
       Scroll            |       |     2 ||     2
 Stab: Sleeping          |     3 |       ||     3
Armor: Skin              |    34 |     8 ||    42
Dodge: Dodged            |    56 |     3 ||    59

Table legend: (Time is in decaauts)
 A = Elapsed time spent in this place.
 B = Non-inter-level travel time spent in this place.
 C = Inter-level travel time spent in this place.
 D = Time resting spent in this place.
 E = Time spent auto-exploring this place.
 F = Levels seen in this place.
 G = Mean time per level.
                   A        B        C        D        E       F      G
               +--------+--------+--------+--------+--------+-----+--------+
         Total |   1672 |   1610 |     62 |      0 |   1355 |   2 |  836.0 |
       Dungeon |   1672 |   1610 |     62 |      0 |   1355 |   2 |  836.0 |
               +--------+--------+--------+--------+--------+-----+--------+

Top non-repeatable levels by time:
     D:1: 1207 daAuts
     D:2: 464 daAuts
